[Event "*** SCC Grand Prix: Titled Tuesday Blitz"]
[Site "Chess.com"]
[Date "2020.09.08"]
[Round "5"]
[White "GMJustin"]
[Black "GMaka"]
[Result "0-1"]
[WhiteElo "2219"]
[BlackElo "2369"]
[TimeControl "180+1"]
[EndTime "10:57:49 PDT"]
[Termination "GMaka won on time"]

1. d4 Nf6 2. c4 Nc6 3. Nc3 e5 4. d5 Ne7 5. h4 h5 6. Bg5 Nf5 7. Qd3 g6 8. Nf3 d6 9. e4 Nh6 10. c5 Be7 11. cxd6 cxd6 12. Be2 Nfg4 13. Qb5+ Qd7 14.
Qxd7+ Bxd7 15. Nb5 Bxb5 16. Bxb5+ Kd8 17. Rc1 f6 18. Bd2 Nf7 19. Ke2 Rc8 20. Ba5+ b6 21.
Bb4 Rc5 22. Bxc5 dxc5 23. Nd2 f5 24. f3 Nf6 25. b4 fxe4 26. fxe4 Ng4 27. Rhf1 Nd6 28.
Bd3 cxb4 29. Rc6 Kd7 30. Nc4 Nxc4 31. Bxc4 Rf8 32. Rxf8 Bxf8 33. Rxg6 Be7 34. Bb5+ Kd8 35. Rg8+ Kc7 36. Rg7 Kd8 37. g3 a5 38. Rg8+ Kc7 39.
Be8 Kd6 40. Bxh5 Nf6 41. Bf3 Kc5 42. Kd3 Nxg8 43. h5 Nf6 44. g4 Nh7 45. Be2 Ng5 46.
Bd1 b5 47. Bc2 Bd6 48. Bd1 a4 49. Bc2 Nf3 50. Bd1 Ng5 51. Bc2 Be7 52. Bd1 Kd6 53.
Bc2 Nf7 54. Bd1 Bg5 55. Bc2 Nh6 56. Bd1 Kc5 57. Be2 b3 58. axb3 a3 59. Kc3 b4+ 60.
Kc2 Kd4 61. d6 Kxe4 62. d7 Kf4 63. Kb1 e4 64. Bd1 e3 65. Be2 Bd8 66. Bd1 Nf7 67. Be2 Ng5 68. Bd1 Kg3 69. h6 Kf2 0-1

[Event "*** SCC Grand Prix: Titled Tuesday Blitz"]
[Site "Chess.com"]
[Date "2020.09.08"]
[Round "5"]
[White "OminousOmen"]
[Black "vugarrasulov"]
[Result "1-0"]
[WhiteElo "2945"]
[BlackElo "2827"]
[TimeControl "180+1"]
[EndTime "10:57:51 PDT"]
[Termination "OminousOmen won on time"]

1. d4 Nf6 2. c4 e6 3. g3 c5 4. Nf3 d5 5. cxd5 exd5 6. Bg2 Nc6 7. O-O Be7 8. b3 O-O 9. dxc5 Ne4 10. Bb2 Bxc5 11. e3 Bg4 12. Nc3 Nxc3 13. Bxc3 Rc8 14. h3 Bf5 15. Nh4 Be6 16. Qh5 g6 17. Qh6 d4 18.
Rad1 dxc3 19. Rxd8 Rfxd8 20. Rc1 Bf8 21. Qg5 Bg7 22. Qb5 Ne5 23. Nf3 Nd3 24. Rc2 a6 25. Qa5 Bd5 26. Nd4 Bxg2 27. Rxc3 Be4 28. f3 Rxc3 29.
Qxd8+ Bf8 30. fxe4 Rc1+ 31. Kg2 Ra1 32. Ne6 Rxa2+ 33.
Kf1 Ra1+ 34. Ke2 Nc1+ 35. Kf3 fxe6 36. Qf6 Ra2 37. Qxe6+ Kg7 38. e5 Rc2 39. Qd7+ Kh6 40. e6 Nxb3 41. e7 Bxe7 42. Qxe7 Nd2+ 43. Ke2 Nb3+ 44.
Kd3 Rc6 45. Qf8+ Kh5 46. g4+ Kh4 47. Qh6+ Kg3 48. Qxh7 Nc5+ 49. Ke2 Ne4 50. Qxb7 Rc2+ 51. Kd1 Rd2+ 52. Kc1 Kf3 53. Qxa6 Re2 54. Qxg6 Rxe3 55.
h4 Rc3+ 56. Kb2 Rc5 57. g5 Ke3 58. Qe8 Kd3 59. g6 Rc2+ 60. Ka3 Rc3+ 61. Kb4 Rc4+ 62. Ka5 Rc5+ 63. Kb6 1-0

[Event "*** SCC Grand Prix: Titled Tuesday Blitz"]
[Site "Chess.com"]
[Date "2020.09.08"]
[Round "5"]
[White "1stSecond"]
[Black "BUITRONGHAO"]
[Result "1-0"]
[WhiteElo "2796"]
[BlackElo "2566"]
[TimeControl "180+1"]
[EndTime "10:57:51 PDT"]
[Termination "1stSecond won on time"]

1. c4 c6 2. Nf3 d5 3. b3 Nf6 4. Bb2 Bf5 5. e3 e6 6. Be2 Be7 7. Nh4 Bg6 8. Nxg6 hxg6 9. O-O Nbd7 10. d4 Ne4 11. f3 Bg5 12. Qd3 Qc7 13. f4 Be7 14.
Nd2 Nxd2 15. Qxd2 Nf6 16. Bf3 g5 17. g3 gxf4 18. exf4 g6 19. Qe2 Qb6 20. Rac1 Rd8 21. Rfd1 Qc7 22. Kg2 Qa5 23. Bc3 Bb4 24. Bxb4 Qxb4 25.
Qe5 Qe7 26. c5 Rh7 27. b4 Nd7 28. Qe2 g5 29. f5 exf5 30. Qd3 Qf6 31. Bg4 Kf8 32.
Qxf5 Qxf5 33. Bxf5 Rh6 34. Rb1 a6 35. a4 Nf6 36. Re1 Ne4 37. Bxe4 dxe4 38. Rxe4 Rd5 39. g4 Re6 40. Kf3 Rf6+ 41. Kg3 Kg7 42. b5 axb5 43.
axb5 Rd7 44. b6 Rd8 45. Ra1 Rd7 46. Ra8 Re6 47. Rxe6 fxe6 48. Rc8 Kf6 49. Rc7 Rxd4 50. Rxb7 Rd3+ 51. Kf2 Rc3 52. Rb8 Rxc5 53. Ke3 Rb5 54.
Kd4 Ke7 55. b7 Kd7 56. Rg8 Rxb7 57. Rg7+ Kc8 58. Rxg5 Kc7 59. Rg7+ Kc8 60. Rxb7 Kxb7 61. g5 Kc7 62. g6 Kd6 63. g7 e5+ 64. Ke4 1-0

[Event "*** SCC Grand Prix: Titled Tuesday Blitz"]
[Site "Chess.com"]
[Date "2020.09.08"]
[Round "5"]
[White "WiktoriaPOL"]
[Black "CrazyMartian"]
[Result "0-1"]
[WhiteElo "1967"]
[BlackElo "2306"]
[TimeControl "180+1"]
[EndTime "10:57:52 PDT"]
[Termination "CrazyMartian won by resignation"]

1. c4 e6 2. Nc3 d5 3. d4 Nf6 4. cxd5 exd5 5. Bg5 c6 6. e3 Be7 7. Bd3 h6 8. Bh4 Nbd7 9. Qc2 Nh5 10. Bxe7 Qxe7 11.
Nge2 Nb6 12. O-O O-O 13. Rae1 Re8 14. Nc1 Be6 15. f3 Rad8 16. Nb3 Bc8 17. e4 dxe4 18. fxe4 Qg5 19. Qf2 Be6 20. Nc5 Re7 21. Nxe6 fxe6 22. e5 Red7 23. Ne4 Qe7 24. Nd6 Rxd6 25. exd6 Rxd6 26.
Bg6 Nf6 27. Bf5 Qd7 28. Bh3 Nbd5 29. Qe2 Nc7 30. Qe5 Rxd4 31. Bxe6+ Nxe6 32. Qxe6+ Qxe6 33. Rxe6 Rd2 34. Rf2 Rd1+ 35. Rf1 Rd2 36. Rb1 Kf7 37. Re3 Nd5 38. Rf3+ Ke6 39. Rg3 g5 40. h4 Kf5 41.
hxg5 hxg5 42. Rf3+ Kg6 43. Rf2 Rd4 44. Re2 Nf4 45.
Re7 Rd2 46. Rxb7 Rxg2+ 47. Kf1 Rh2 48. Rxa7 g4 49. Ra4 Kg5 50. Rc1 Rh1+ 51. Kf2 Rxc1 52. Ra5+ Kh4 53. Ra4 Rc2+ 54. Ke3 Ng2+ 55. Ke4 Rxb2 56.
Ra8 Re2+ 57. Kd4 Kg3 58. a4 Nf4 59. a5 Kf3 60. a6 Ra2 61. a7 g3 62. Ke5 Ra5+ 63.
Kd4 g2 64. Rg8 Rxa7 65. Ke5 Ra5+ 66. Kd4 Ra1 67. Rf8 g1=Q+ 0-1

[Event "*** SCC Grand Prix: Titled Tuesday Blitz"]
[Site "Chess.com"]
[Date "2020.09.08"]
[Round "5"]
[White "Kaua18"]
[Black "Brave_spirit12"]
[Result "0-1"]
[WhiteElo "2321"]
[BlackElo "2502"]
[TimeControl "180+1"]
[EndTime "10:57:54 PDT"]
[Termination "Brave_spirit12 won by resignation"]

1. e4 e6 2. d4 d5 3. Nd2 c5 4.
exd5 exd5 5. Ngf3 Nc6 6. Bb5 Bd6 7. dxc5 Bxc5 8. O-O Ne7 9. Nb3 Bd6 10. Re1 O-O 11. Bg5 f6 12. Bh4 Bg4 13. Bg3 Ne5 14.
Be2 Be6 15. Bf1 N7c6 16. c3 Qd7 17. Nbd4 Bf7 18. Bb5 Rae8 19. Qd2 a6 20. Ba4 Nc4 21. Qc2 Bg6 22. Bxc6 bxc6 23. Qa4 Bxg3 24. hxg3 Nxb2 25. Qxc6 Qxc6 26. Nxc6 Kf7 27. Nfd4 Nd3 28. Rxe8 Rxe8 29. Rb1 Nc5 30. Rd1 Bd3 31. Nb3 Bc2 32. Rxd5 Nxb3 33. axb3 Bxb3 34. Rd7+ Kg6 35. Nd4 Bc4 36. g4 Bd3 37.
Kh2 Re5 38. f4 Rc5 39. f5+ Kh6 40. Rxg7 Kxg7 41. Ne6+ Kf7 42. Nxc5 Bb5 43. Kg3 Ke7 44. Kf4 a5 45. Nb3 a4 46. Na1 a3 47. Ke4 Kd6 48.
Kd4 Be2 49. g5 fxg5 50. c4 h5 51. c5+ Kc6 52. f6 Kd7 53. Kd5 Bf1 54. c6+ Ke8 55.
c7 Bxg2+ 56. Ke6 Bh3+ 57. Ke5 Kf7 58. Kd6 Kxf6 59. Kd5 Bc8 60. Ke4 h4 61. Ke3 Kf5 62. Kf3 g4+ 63. Kf2 Kf4 64. Kg1 h3 65. Kh2 g3+ 66.
Kg1 h2+ 0-1

[Event "*** SCC Grand Prix: Titled Tuesday Blitz"]
[Site "Chess.com"]
[Date "2020.09.08"]
[Round "5"]
[White "AnishOnYoutube"]
[Black "Shubinkirill2003"]
[Result "1-0"]
[WhiteElo "2943"]
[BlackElo "2641"]
[TimeControl "180+1"]
[EndTime "10:57:57 PDT"]
[Termination "AnishOnYoutube won by resignation"]

1. d4 e6 2. c4 Nf6 3. Nf3 Bb4+ 4. Bd2 a5 5. a3 Bxd2+ 6. Qxd2 d6 7. Nc3 Nbd7 8. e3 O-O 9. Be2 e5 10. O-O Re8 11. Rfd1 exd4 12. Nxd4 a4 13. Qc2 Nc5 14. Bf3 Bg4 15. Qe2 Bxf3 16. Qxf3 Nfe4 17. Rac1 Nxc3 18. Rxc3 Qd7 19. h3 Re5 20. Rc2 Rae8 21. Nb5 Rf5 22.
Qe2 Ne4 23. Rf1 Rg5 24. Kh2 f5 25. Qf3 Rg6 26. Rd1 Rf6 27. Nd4 g5 28. Qh5 Rg6 29.
Qf3 Rf8 30. Ne2 b6 31. Nc3 Nxc3 32. Rxc3 f4 33. e4 Qe6 34. Rd4 Re8 35. Rcd3 Kg7 36.
Qh5 Re7 37. f3 h6 38. Rd5 Qf6 39. Rd2 Qe6 40. Rc2 Qf6 41. Rf5 Qe6 42. h4 Re8 43. Kg1 Rh8 44. Qg4 h5 45. Qh3 g4 46. fxg4 hxg4 47.
Qc3+ Rf6 48. Rxf4 Rxh4 49. Rcf2 Rh6 50. Qg3 Rhg6 51. Rxf6 Rxf6 52. Rxf6 Kxf6 53. Qf4+ Kg6 54. Kf2 Qe5 55. Qxg4+ Kf6 56. Qf5+ Qxf5+ 57. exf5 Kxf5 58. Kf3 c6 59. g4+ Kg5 60. Kg3 d5 61. cxd5 cxd5 62.
Kf3 d4 63. Ke4 Kxg4 64. Kxd4 Kf4 65. Kc4 Ke4 66. Kb5 Kd3 67. Kxb6 Kc4 68. Ka5 Kb3 69. Kb5 Kxb2 70. Kxa4 Kc3 71. Kb5 1-0

[Event "*** SCC Grand Prix: Titled Tuesday Blitz"]
[Site "Chess.com"]
[Date "2020.09.08"]
[Round "5"]
[White "Grandelicious"]
[Black "Matveev_Vladimir"]
[Result "1-0"]
[WhiteElo "2802"]
[BlackElo "2574"]
[TimeControl "180+1"]
[EndTime "10:57:57 PDT"]
[Termination "Grandelicious won by resignation"]

1. Nf3 Nf6 2. g3 g6 3. b3 Bg7 4. Bb2 O-O 5. c4 c5 6. Bg2 d5 7. cxd5 Qxd5 8. O-O Qh5 9. d3 Bh3 10. Nbd2 Nc6 11. Rc1 b6 12. Rc4 Bxg2 13. Kxg2 Rad8 14. Qa1 Qd5 15. Ne4 Nh5 16. Bxg7 Nxg7 17. a3 Na5 18.
Nc3 Qd7 19. Re4 Nxb3 20. Qb2 Na5 21. d4 Nc4 22. Qc1 Nd6 23. Rh4 Ngf5 24. Rh3 cxd4 25. Nxd4 h5 26. Nf3 Rc8 27. Qa1 Qc6 28. Na2 Ne4 29. Kg1 Qf6 30. Qb1 Nc3 31. Nxc3 Rxc3 32. Qe4 Rfc8 33. Qf4 R3c4 34. Qd2 Kg7 35. Re1 Rc2 36.
Qd3 Qc3 37. Qd7 Rc7 38. Qd8 Rc8 39. Qd7 Qc7 40. Qd3 Rc3 41. Qd2 Rxa3 42. Rxh5 Qc3 43. Qg5 Qf6 44. Qg4 Rh8 45. Rxh8 Kxh8 46. Ng5 Kg7 47. e4 Nh6 48. Qh4 Ra2 49. Rf1 a5 50.
e5 Qf5 51. h3 a4 52. g4 Qf4 53. Re1 b5 54. Re4 Ra1+ 55. Kg2 Qc1 56. Ne6+ Kg8 57. Qxe7 Qh1+ 58. Kg3 Rg1+ 59. Kh4 fxe6 60. Qxe6+ Nf7 61. Qxg6+ Kf8 62. Rf4 Qb7 63. e6 Rxg4+ 64. hxg4 Qe7+ 65. Rf6 Qxf6+ 66. Qxf6 Ke8 67. Qxf7+ 1-0

[Event "*** SCC Grand Prix: Titled Tuesday Blitz"]
[Site "Chess.com"]
[Date "2020.09.08"]
[Round "5"]
[White "GameOverBro"]
[Black "AlexandraBotez"]
[Result "1/2-1/2"]
[WhiteElo "2464"]
[BlackElo "2241"]
[TimeControl "180+1"]
[EndTime "10:57:57 PDT"]
[Termination "Game drawn by repetition"]

1. e4 e6 2. d4 d5 3. Nd2 dxe4 4. Nxe4 Nd7 5. Nf3 Ngf6 6. Bg5 Be7 7. Bxf6 Nxf6 8. Bd3 h6 9. Qe2 c5 10. dxc5 Nxe4 11.
Qxe4 Qa5+ 12. b4 Qa4 13. Nd4 Bd7 14. Qxb7 O-O 15. c3 Rab8 16. Qa6 Bf6 17. Qxa4 Bxa4 18.
Ne2 Rfd8 19. Bc4 Rxb4 20. cxb4 Bxa1 21. O-O Bb2 22. Rb1 Bc2 23. Re1 Ba3 24. c6 Bxb4 25. Rc1 Ba5 26. Nc3 Bxc3 27. Rxc2 Ba5 28. g3 Rc8 29.
Ba6 Rc7 30. Bb7 Kf8 31. f4 Ke7 32. Kf2 Bb6+ 33. Kf3 Kd6 34. a4 Ba5 35. Rb2 Bb6 36. Rb5 Ke7 37. a5 Bd4 38. Ke4 Bf2 39. Rb2 Bg1 40.
Rg2 Bc5 41. Rc2 Bg1 42. h4 f5+ 43. Kf3 Bd4 44. Rc4 Bg1 45. Kg2 Be3 46. Rc3 Bd4 47. Rc4 Be3 48. Kf3 Bg1 49. Ba8 Kd6 50. Rc1 Bc5 51.
Bb7 Bb4 52. Rd1+ Ke7 53. a6 Bc5 54. h5 Bb6 55. g4 Bc5 56. g5 hxg5 57. fxg5 Bb6 58. h6 gxh6 59. gxh6 Kf6 60. Rh1 Rh7 61. Bc8 Bc7 62. Bd7 e5 63. Rh5 e4+ 64. Ke3 Bb6+ 65. Ke2 Kg6 66. Bxf5+ Kxh5 67. Bxh7 e3 68. Be4 Kxh6 69. Kd3 Kg7 70. c7 Bxc7 71. Kxe3 Bb6+ 72. Kd3 Kf6 73. Bb7 Ke7 74. Kc4 Kd6 75. Kb5 Kc7 76. Bc6 Be3 77. Bb7 Bb6 78. Bc6 Bg1 79.
Bb7 Bf2 80. Bc6 Bg1 81. Bb7 Bf2 82. Bc6 Bg1 1/2-1/2

[Event "*** SCC Grand Prix: Titled Tuesday Blitz"]
[Site "Chess.com"]
[Date "2020.09.08"]
[Round "5"]
[White "Onischuk_V"]
[Black "CaspiIsrael"]
[Result "0-1"]
[WhiteElo "2935"]
[BlackElo "2659"]
[TimeControl "180+1"]
[EndTime "10:57:58 PDT"]
[Termination "CaspiIsrael won on time"]

1. e4 e5 2. Nf3 Nf6 3. Nxe5 d6 4. Nf3 Nxe4 5. Qe2 Qe7 6. d3 Nf6 7. Bg5 Qxe2+ 8. Bxe2 Nbd7 9. Nc3 c6 10. O-O-O g6 11. Rde1 Bg7 12. Bd1+ Kd8 13. Bf4 Ne8 14. Ng5 Rf8 15.
Nxh7 Rh8 16. Ng5 Rf8 17. h4 Ne5 18. h5 gxh5 19. Bxh5 f6 20. d4 fxg5 21. Bxg5+ Bf6 22. Bxf6+ Nxf6 23. dxe5 dxe5 24. Rxe5 Nxh5 25. Rexh5 Rxf2 26. Rh8+ Kc7 27. g3 Rf7 28. R1h7 Rxh7 29. Rxh7+ Kd6 30. Rh8 b6 31. Ne4+ Ke5 32. Re8+ Kd5 33. c4+ Kd4 34. Nd6 Bb7 35. Re7 Ba6 36. b3 b5 37. Nf5+ Kc3 38. Re3+ Kb4 39. cxb5 Bxb5 40. Kb2 Rf8 41. g4 Rg8 42. Re4+ Kc5 43. Kc3 Rg5 44. Ne3 Be2 45. Rf4 Kb6 46. Kd2 Ba6 47. Rf5 Rg6 48. g5 Bc8 49. Re5 Be6 50. Kd3 Kc7 51. Ke4 Kd6 52.
Nf5+ Kd7 53. Kf4 Rg8 54. Nh6 Rf8+ 55. Ke3 Bd5 56. g6 Rf3+ 57. Kd4 Rg3 58. Re7+ Kxe7 59.
Nf5+ Kf6 60. Nxg3 Kxg6 61. Ke5 a5 62. Kd6 Kf6 63. Ne2 a4 64. bxa4 Bxa2 0-1

[Event "*** SCC Grand Prix: Titled Tuesday Blitz"]
[Site "Chess.com"]
[Date "2020.09.08"]
[Round "5"]
[White "Smile2005"]
[Black "arminmusovic"]
[Result "0-1"]
[WhiteElo "2310"]
[BlackElo "2574"]
[TimeControl "180+1"]
[EndTime "10:57:58 PDT"]
[Termination "arminmusovic won by resignation"]

1. Nf3 a6 2. g3 e6 3. Bg2 d5 4.
O-O Nf6 5. d3 c6 6. Nbd2 Be7 7. e4 O-O 8. e5 Nfd7 9. Re1 c5 10.
Nf1 Nc6 11. h4 Re8 12. Bf4 Nf8 13. h5 b5 14. N1h2 Bb7 15. Ng4 d4 16. h6 g6 17. Qd2 Nb4 18. a3 Nd5 19. Bg5 Rb8 20. Bxe7 Qxe7 21. Ng5 Kh8 22. Bxd5 Bxd5 23. Nf6 Rec8 24.
Qf4 Rc7 25. Nxd5 exd5 26. e6 f6 27. Nf3 Rb6 28. a4 b4 29. g4 Nxe6 30. Qg3 g5 31.
Re2 Qf7 32. Rae1 Nf8 33. Re8 Rbb7 34. Qd6 Kg8 35. Qd8 Rd7 36. Qc8 Re7 37. R8xe7 Rxe7 38. Qxc5 Rxe1+ 39. Nxe1 Qe6 40. Kf1 Kf7 41. Nf3 Qxg4 42.
Qxd5+ Ne6 43. Qe4 Qh3+ 44. Ke2 Qxh6 45. Nxd4 Qh5+ 46. Kd2 Qh3 47. Nxe6 Qxe6 48. Qxh7+ Ke8 49. Qh8+ Kd7 50. Qg7+ Kd6 51. Qa7 Ke5 52. Qe3+ Kf5 53. Qh3+ g4 54. Qh5+ Kf4 55. Qh6+ Kf3 56. Qh1+ Kxf2 57.
Qh2+ Kf3 58. Qh1+ Kf4 59. Qf1+ Kg5 60. Qg2 f5 61. c4 bxc3+ 62. bxc3 Qa2+ 0-1

[Event "*** SCC Grand Prix: Titled Tuesday Blitz"]
[Site "Chess.com"]
[Date "2020.09.08"]
[Round "5"]
[White "zajka-molotok"]
[Black "AlexSuv"]
[Result "0-1"]
[WhiteElo "2379"]
[BlackElo "2543"]
[TimeControl "180+1"]
[EndTime "10:58:00 PDT"]
[Termination "AlexSuv won on time"]

1. d4 Nf6 2. c4 e6 3. Nc3 Bb4 4. e3 O-O 5. Bd3 d5 6. Nf3 b6 7. O-O Bb7 8. a3 Bd6 9. cxd5 exd5 10. b4 a6 11. Bd2 Nbd7 12. Qb3 Qe7 13. Rfb1 h6 14. a4 Rfe8 15. b5 a5 16. Rc1 Qe6 17. Ne2 Ne4 18. Be1 g5 19. Nd2 f5 20. Rc2 Ndf6 21.
Rac1 Re7 22. Nf1 Rf8 23. f3 Nh5 24. Ra2 Nef6 25. Bf2 f4 26. exf4 gxf4 27. Nc3 Rg7 28. Kh1 Qf7 29. Re1 Kh8 30. Bf5 Bc8 31. Bxc8 Rxc8 32.
Rae2 Rcg8 33. Bg1 Rg5 34. Qc2 Qg7 35. Nb1 Ng3+ 36. Nxg3 fxg3 37. h3 Nh5 38. Be3 Bf4 39.
Bg1 Bd6 40. Be3 Bf4 41. Qd2 Rf5 42. Nc3 Rgf8 43. Qd3 Bxe3 44. Rxe3 Nf4 45. Qd2 Qg5 46. Re5 Nxh3 47. Qxg5 Nxg5 48. Nxd5 R5f7 49. f4 Nh7 50.
Kg1 Rd8 51. Kf1 Kg7 52. R1e2 Nf8 53. R2e3 Ng6 54. Ke2 h5 55. Kf3 h4 56. f5 Nh8 57.
Kg4 Rd6 58. Kxh4 Rh6+ 59. Kxg3 Rd7 60. Kf4 Nf7 61. g4 Rh2 62. R3e4 Rf2+ 63. Ke3 Ra2 64. Nf4 Rxa4 65. Ne6+ Kg8 66. d5 Ra3+ 67. Kf4 Nd6 68.
Re3 Ra4+ 0-1

[Event "*** SCC Grand Prix: Titled Tuesday Blitz"]
[Site "Chess.com"]
[Date "2020.09.08"]
[Round "5"]
[White "Vsevolod_Ovchinnikov"]
[Black "mortngabriel"]
[Result "1/2-1/2"]
[WhiteElo "2559"]
[BlackElo "2404"]
[TimeControl "180+1"]
[EndTime "10:58:03 PDT"]
[Termination "Game drawn - insufficient material"]

1. d4 Nf6 2. c4 e6 3. g3 d5 4. Nf3 dxc4 5. Bg2 Nc6 6. Qa4 Bd7 7. Qxc4 a6 8. O-O b5 9. Qd3 Nb4 10. Qd1 c5 11. Ne5 Rc8 12. a3 Nc6 13. Nxd7 Qxd7 14.
dxc5 Bxc5 15. Qxd7+ Kxd7 16. Nc3 Ke7 17. Bg5 Bd4 18.
Rac1 h6 19. Bxf6+ Bxf6 20. Bxc6 Rxc6 21. Nd5+ Kd6 22. Rxc6+ Kxc6 23. Nxf6 gxf6 24. Rc1+ Kd6 25. Kg2 a5 26. Kf3 f5 27. Kf4 f6 28. Rc3 Rg8 29. h3 h5 30. Rd3+ Ke7 31. e4 e5+ 32. Ke3 h4 33. gxh4 Ke6 34. exf5+ Kxf5 35. Rd5 Rb8 36.
Rc5 a4 37. Kf3 b4 38. Kg2 bxa3 39. bxa3 Rb3 40. h5 Rxa3 41. Rc6 Rd3 42. Ra6 a3 43. h6 Rd7 44. Rxa3 Rh7 45. Rf3+ Ke6 46. Rg3 Rxh6 47. Ra3 Rh4 48. Ra6+ Kf5 49. Ra3 Rd4 50.
Rf3+ Kg5 51. Rg3+ Kh5 52. Rf3 Kg6 53. Rg3+ Kf7 54. Rf3 Ke6 55. Ra3 f5 56. Ra6+ Kd5 57. Ra5+ Ke4 58. Ra3 Kf4 59. Rf3+ Kg5 60. Rg3+ Kf6 61.
Ra3 e4 62. Kg3 Ke5 63. Ra5+ Kf6 64. Ra6+ Kg5 65. h4+ Kh5 66. Kf4 Rd2 67. Kxf5 Rxf2+ 68. Kxe4 Rh2 69. Kf3 Rxh4 70. Ra5+ Kg6 71. Kg3 Rh5 72. Rxh5 Kxh5 1/2-1/2

[Event "*** SCC Grand Prix: Titled Tuesday Blitz"]
[Site "Chess.com"]
[Date "2020.09.08"]
[Round "5"]
[White "platy3"]
[Black "Oleksandr_Bortnyk"]
[Result "1-0"]
[WhiteElo "2831"]
[BlackElo "2927"]
[TimeControl "180+1"]
[EndTime "10:58:09 PDT"]
[Termination "platy3 won on time"]

1. e4 Nf6 2. e5 Nd5 3. d4 d6 4.
c4 Nb6 5. exd6 exd6 6. Nc3 Be7 7. Nf3 O-O 8. h3 Bf5 9. Be2 Nc6 10. O-O Bf6 11.
Be3 d5 12. cxd5 Nxd5 13. Nxd5 Qxd5 14. Rc1 Qxa2 15. g4 Bg6 16. g5 Be7 17. Bc4 Qxb2 18.
Nh4 Rad8 19. Nxg6 hxg6 20. Rc2 Qb4 21. Qg4 Rd6 22. Qe4 Bd8 23. Rfc1 Qa5 24. h4 Qf5 25.
Qxf5 gxf5 26. d5 Ne7 27. Bc5 Rd7 28. Re1 b6 29. Ba3 a6 30. Bxa6 Nxd5 31. Bxf8 Kxf8 32. Rd2 Rd6 33. Bb5 Be7 34. Ra1 g6 35. Bc4 Nf4 36. Rxd6 Bxd6 37. Kf1 Kg7 38. Ra8 Be5 39. Rd8 c6 40.
Rd7 Nd5 41. Bxd5 cxd5 42. Rxd5 Bc3 43. Rd7 Be5 44. Rb7 Bd4 45. Kg2 Bc5 46. Kf3 Kf8 47.
Kg3 Kg7 48. f3 Bd6+ 49. Kh3 Bc5 50. Rd7 Be3 51. Re7 Bf2 52. Rb7 Kg8 53. f4 Be3 54.
Rb8+ Kg7 55. Kg3 Bc5 56. h5 gxh5 57. Kh4 Kg6 58. Rg8+ Kh7 59. Rc8 Kg6 60. Rc6+ Kg7 61. Rf6 Bf2+ 62. Kxh5 Be3 63. Rxf5 Bd4 64. Rd5 Be3 65. f5 Kf8 66. Rd7 Ke8 67. Rb7 Bd4 68.
g6 Kf8 69. Rxf7+ Kg8 70. Rb7 Kh8 71. Kg4 Kg8 72. Kf4 Kf8 73. Ke4 Bf6 74. Kd5 Kg8 75.
Ke6 1-0

[Event "*** SCC Grand Prix: Titled Tuesday Blitz"]
[Site "Chess.com"]
[Date "2020.09.08"]
[Round "5"]
[White "Nara_Kh"]
[Black "BanjoKazooieN64"]
[Result "0-1"]
[WhiteElo "2404"]
[BlackElo "2579"]
[TimeControl "180+1"]
[EndTime "10:58:09 PDT"]
[Termination "BanjoKazooieN64 won by checkmate"]

1. e4 e5 2. Nf3 Nc6 3. Bb5 f5 4. Nc3 Nf6 5. d3 fxe4 6. dxe4 Bb4 7. O-O Bxc3 8. bxc3 d6 9. Bc4 Qe7 10. Re1 Be6 11. Bd5 O-O 12. Rb1 Rab8 13. c4 Nd8 14. c5 dxc5 15. Nxe5 c6 16. Bxe6+ Nxe6 17. Bb2 Rfd8 18.
Qf3 Nd4 19. Bxd4 cxd4 20. Qb3+ Kf8 21. Nf3 Qf7 22. Qa3+ Kg8 23. Qxa7 Ra8 24. Qxb7 Qxb7 25. Rxb7 Rxa2 26. e5 Ng4 27. e6 c5 28. e7 Re8 29.
Rd7 Rxc2 30. Rd8 Nf6 31. g4 h6 32. h4 Kf7 33. g5 hxg5 34. hxg5 Rxe7 35. g6+ Kxg6 36.
Rxe7 Rc3 37. Ne5+ Kf5 38. Nc6 d3 39. Rxg7 c4 40. Rgd7 Rc2 41. Kg2 Ra2 42. Nd4+ Ke4 43. Re7+ Kf4 44. Rf7 Ke5 45. Nc6+ Ke6 46. Re7+ Kf5 47.
Rd4 Ng4 48. Rxc4 Nxf2 49. Kf3 Nd1 50. Rf4+ Kg5 51. Rg7+ Kh6 52. Rg1 Rf2+ 53. Ke4 Re2+ 54. Kd4 Nf2 55. Rg3 d2 56. Ne5 d1=Q+ 57. Nd3 Qa4+ 58.
Kd5 Qa5+ 59. Kd4 Qd8+ 60. Kc4 Re4+ 61. Rxe4 Nxe4 62. Rh3+ Kg5 63. Ne5 Qc8+ 64. Kd5 Nf6+ 65. Kd6 Qxh3 66. Nf7+ Kf4 67. Ne5 Qa3+ 68. Ke6 Qa6+ 69.
Kf7 Kxe5 70. Kg6 Ne4+ 71. Kg7 Qf6+ 72. Kg8 Qe7 73. Kh8 Kf6 74. Kg8 Qg7# 0-1

[Event "*** SCC Grand Prix: Titled Tuesday Blitz"]
[Site "Chess.com"]
[Date "2020.09.08"]
[Round "5"]
[White "Fandorine"]
[Black "Alexsur1981"]
[Result "1-0"]
[WhiteElo "2914"]
[BlackElo "2701"]
[TimeControl "180+1"]
[EndTime "10:58:13 PDT"]
[Termination "Fandorine won by resignation"]

1. e4 c5 2. b3 b6 3. Bb2 Bb7 4. Qe2 Nc6 5. Nf3 Nf6 6. Nc3 Nd4 7. Qd3 Nxf3+ 8. Qxf3 e6 9. O-O-O a6 10. Qe3 Qc7 11. g3 Be7 12. Bg2 O-O 13. f4 d5 14. exd5 exd5 15. Rhe1 Rfe8 16. Qd3 d4 17. Ne4 Nd5 18. a3 b5 19. Kb1 Rad8 20. Ng5 g6 21. Bf1 Bf6 22. h4 Nb6 23. Rxe8+ Rxe8 24. Bh3 c4 25. Qf1 Qe7 26. Bg2 Bxg2 27. Qxg2 d3 28. cxd3 Bxb2 29. Kxb2 cxb3 30. Qc6 Na4+ 31. Kxb3 Nc5+ 32.
Ka2 Nxd3 33. Qd5 Rd8 34. Qb3 h6 35. Nf3 Nc5 36. Qc2 Qe6+ 37. Kb1 Nd3 38. Ne5 Nxe5 39.
Re1 Qd6 40. fxe5 Qe6 41. Qc3 h5 42. Kb2 a5 43. Re3 b4 44. axb4 axb4 45. Qxb4 Qd5 46.
Qc3 Rb8+ 47. Kc2 Qd7 48. e6 fxe6 49. Qf6 Rc8+ 50. Kd1 Qf7 51. Qxe6 Qxe6 52. Rxe6 Kf7 53. Re5 Rc4 54. Rg5 Rc6 55. Ke2 Ke7 56. Ke3 Rf6 57. d4 Kd6 58. Ke4 Re6+ 59. Kd3 Rf6 60. Kc4 Re6 61. Ra5 Kc7 62. Ra7+ Kb6 63. Ra3 Re1 64.
Kd5 Kc7 65. Rf3 Rg1 66. Ke6 Re1+ 67. Kf6 Re4 68. Kxg6 Rxd4 69. Kxh5 Kd7 70. g4 Ke7 71. g5 Rd1 72. Kg6 Rd3 73. Rxd3 1-0

[Event "*** SCC Grand Prix: Titled Tuesday Blitz"]
[Site "Chess.com"]
[Date "2020.09.08"]
[Round "5"]
[White "Artyom_ChessMate"]
[Black "K_A_S_T_O_R"]
[Result "1-0"]
[WhiteElo "2567"]
[BlackElo "2749"]
[TimeControl "180+1"]
[EndTime "10:58:14 PDT"]
[Termination "Artyom_ChessMate won by resignation"]

1. e4 c5 2. Nc3 d6 3. f4 g6 4. Nf3 Bg7 5. Bc4 Nc6 6. O-O e6 7. d4 cxd4 8. Nb5 Nge7 9. Bb3 a6 10. Nbxd4 Nxd4 11. Nxd4 O-O 12. c3 Qc7 13. Be3 e5 14. fxe5 dxe5 15. Nf3 h6 16. Qe1 Kh7 17. Qh4 f6 18. a4 b6 19. Qf2 Rb8 20. Rad1 g5 21.
Rd2 Nc6 22. Rfd1 Na5 23. Bd5 Nc4 24. Bxc4 Qxc4 25. Bxb6 Qxe4 26. a5 Be6 27. Rd6 Rbe8 28. Re1 Qg6 29. Qe2 Bc8 30. Qd2 Qf7 31. Qd3+ f5 32.
Qe2 g4 33. Nd2 e4 34. Bd4 Rd8 35. Rxd8 Rxd8 36. Bxg7 Qxg7 37. Nf1 Qa7+ 38. Qf2 Qc7 39. g3 Rd3 40. Ne3 Qe5 41. Rf1 Kg6 42. Ng2 Kg7 43.
Nh4 Rd6 44. Nxf5+ Bxf5 45. Qxf5 Qxf5 46. Rxf5 Rd2 47. Re5 Rxb2 48. Rxe4 h5 49. Re6 Rc2 50. Rxa6 Rxc3 51. Rb6 Ra3 52. a6 Ra2 53. Rb7+ Kg6 54. a7 Kf6 55. Rh7 Kg6 56. Rb7 Kf6 57. Kf1 Kg6 58.
Ke1 Kf6 59. Kd1 Kg6 60. Kc1 Kf6 61. Kb1 Ra5 62. Kb2 Kg6 63. Kb3 Ra1 64. Kc4 Kf6 65. Kc5 Ke5 66. Kb6 Kd6 67. Rh7 Rb1+ 68. Ka6 Ra1+ 69. Kb7 Rb1+ 70. Ka8 Rb5 71. Rb7 Ra5 72. Kb8 Re5 73. a8=Q Re8+ 74. Ka7 Re3 75. Qd8+ 1-0

[Event "*** SCC Grand Prix: Titled Tuesday Blitz"]
[Site "Chess.com"]
[Date "2020.09.08"]
[Round "5"]
[White "Sethu0025"]
[Black "ArjunErigaisi2003"]
[Result "0-1"]
[WhiteElo "2712"]
[BlackElo "3045"]
[TimeControl "180+1"]
[EndTime "10:58:15 PDT"]
[Termination "ArjunErigaisi2003 won by checkmate"]

1. c4 Nf6 2. Nc3 e6 3. e4 d5 4.
e5 d4 5. exf6 dxc3 6. bxc3 Qxf6 7.
d4 e5 8. Nf3 Bg4 9. Be2 exd4 10. cxd4 Bb4+ 11. Bd2 Bxd2+ 12. Qxd2 O-O 13. O-O Nc6 14.
Rad1 Rad8 15. d5 Rfe8 16. Rfe1 h6 17. h3 Bxf3 18. Bxf3 Ne5 19. Be2 Nd7 20. Bf1 b6 21. Re3 Rxe3 22. Qxe3 Nc5 23. Re1 Kf8 24. Qg3 Qd6 25. Qe3 a5 26. Qd4 a4 27. Re3 Qf6 28.
Qxf6 gxf6 29. Rf3 Kg7 30. Rg3+ Kf8 31. Rf3 Ke7 32. Re3+ Kd6 33. g4 Rg8 34. Kh2 Nd7 35.
Ra3 Ra8 36. Kg3 Kc5 37. Re3 Ne5 38. f4 Kd4 39. Re1 Nxc4 40. Bxc4 Kxc4 41. Rc1+ Kxd5 42. Rxc7 Rf8 43. Kh4 b5 44. Kh5 b4 45. Kxh6 Rh8+ 46.
Kg7 Rxh3 47. Kxf6 Rh2 48. Rb7 Kc5 49. f5 Rxa2 50. g5 a3 51. Kxf7 Rf2 52. f6 a2 53.
Ra7 b3 54. g6 b2 55. Rxa2 Rxf6+ 56. Kxf6 b1=Q 57. Rf2 Qa1+ 58. Kf7 Qa7+ 59. Kf6 Qb6+ 60. Kg5 Qd8+ 61. Kg4 Qd7+ 62. Kg5 Qe7+ 63. Rf6 Kd5 64. g7 Qxg7+ 65. Rg6 Qe7+ 66. Kh5 Ke4 67. Kh6 Kf5 68.
Rg7 Qh4# 0-1